 Dungeon Crawl Stone Soup version 0.28-a0-655-g4eb62b627b (webtiles) character file.

Game seed: 5059457079214330242

35 bjtr the Conjurer (level 3, -4/26 HPs)
             Began as a Demigod Conjurer on Oct 13, 2021.
             Slain by Sigmund (11 damage)
             ... on level 2 of the Dungeon.
             The game lasted 00:07:45 (1170 turns).

bjtr the Conjurer (Demigod Conjurer)                Turns: 1170, Time: 00:07:46

Health: -4/26      AC:  6    Str:  8    XL:     3   Next: 4%
Magic:  1/8        EV: 10    Int: 24    God:
Gold:   36         SH:  0    Dex: 12    Spells: 3/6 levels left

rFire   . . .      SeeInvis .   l - +0 spear
rCold   . . .      Faith    .   (no shield)
rNeg    . . .      Spirit   .   d - +0 ring mail
rPois   .          Reflect  .   (no helmet)
rElec   .          Harm     .   (no cloak)
rCorr   .          Rampage  .   (no gloves)
Will    .....                   k - +0 pair of boots
Stlth   +.........              (no amulet)
HPRegen 0.08/turn               (no ring)
MPRegen 0.11/turn               (no ring)

@: no status effects
A: high mp 1, forlorn
a: no special abilities


You were on level 2 of the Dungeon.
You visited 1 branch of the dungeon, and saw 2 of its levels.

You collected 36 gold pieces.

Inventory:

Hand Weapons
 c - a +0 dagger
 l - a +0 spear (weapon)
 m - a +0 short sword
Missiles
 f - 31 stones
 g - 23 poisoned darts
Armour
 a - a +0 robe
 d - a +0 ring mail (worn)
 i - a +0 leather armour
 k - a +0 pair of boots (worn)
Scrolls
 b - a scroll of silence {unknown}
 e - a scroll of identify {unknown}
 j - a scroll of noise {unknown}
 n - a scroll of teleportation {unknown}
Potions
 h - a potion of brilliance {unknown}


   Skills:
 + Level 0.2 Armour
 - Level 1.7 Dodging
 - Level 1.7 Stealth
 * Level 2.1 Spellcasting
 + Level 4.3 Conjurations


You had 3 spell levels left.
You knew the following spells:

 Your Spells              Type           Power      Damage    Failure   Level
a - Magic Dart            Conj           92%        1d7       6%          1
b - Searing Ray           Conj           46%        2d6       10%         2

Your spell library contained the following spells:

 Spells                   Type           Power      Damage    Failure   Level
 Dazzling Flash           Conj/Hex       26%        N/A       41%         3
 Call Imp                 Summ           2%         N/A       50%         2
 Mephitic Cloud           Conj/Pois/Air  9%         N/A       52%         3
 Fulminant Prism          Conj/Hex       6%         3d7       83%         4
 Iskenderun's Mystic Bla  Conj/Tloc      13%        2d5       83%         4


Dungeon Overview and Level Annotations

Branches:
Dungeon (2/15)

Annotations:
D:2 Sigmund


Innate Abilities, Weirdness & Mutations

Your attributes grow dramatically as you level up.
You have an increased reservoir of magic. (+10% MP)
You shall have no god before yourself.


Message History

Aim: an adder (wandering, hasn't noticed you, 63% to hit)
The searing ray hits the adder!
The adder is almost dead.
The adder hisses angrily. (Press . to maintain the ray.)
You hear a shout!
Sigmund the Dreaded comes into view.
He is wielding a +0 scythe.
The searing ray hits the adder!
You kill the adder!
You have reached level 3!
Your experience leads to a dramatic increase in your attributes!
Increase (S)trength, (I)ntelligence, or (D)exterity?
You feel clever. x4
Things that are here:
a +0 dagger; a goblin corpse You see here a frilled lizard skeleton.
You see here a +0 robe.
There is a stone staircase leading up here.
You start resting.
Sigmund is nearby!
Casting: Searing Ray (safe; 10% risk of failure)
Confirm with . or Enter, or press ? or * to list all spells.
Aiming: Searing Ray (safe; 10% risk of failure)
Press: ? - help, Shift-Dir - straight line, f - Sigmund
Aim: Sigmund, wielding a +0 scythe and wearing a +0 robe (75% to hit)
The searing ray hits Sigmund.
Sigmund is lightly wounded. (Press . to maintain the ray.) Sigmund casts a spell at you.
The magic dart hits you!
The searing ray hits Sigmund!
Sigmund is heavily wounded.
The searing ray misses Sigmund.
The searing ray misses Sigmund.
You finish channelling your searing ray.
Sigmund hits you from afar with a +0 scythe!
* * * LOW HITPOINT WARNING * * *
Unknown command.
Sigmund hits you from afar with a +0 scythe!
You die...

####### #..>..#
#.....# #.....#
####.....# #........#
##### #####.##.....#
#...#
.......@.@..#####...#
###.#######....##...#
#.##..#...# #
#[###.....# ..### #.#
###...#
.....#.#####...#
#..#.##......#
#...@...######
##.###รท...########


You could see Sigmund.

Vanquished Creatures
  An adder (D:2)
  2 dart slugs
  4 ball pythons
  4 endoplasms
  2 goblins (D:2)
  A hobgoblin (D:1)
  2 kobolds (D:1)
  A quokka (D:2)
  4 frilled lizards
21 creatures vanquished.

Notes
Turn   | Place    | Note
-------+----------+-------------------------------------------
     0 | D:1      | bjtr the Demigod Conjurer began the quest for the Orb.
     0 | D:1      | Reached XP level 1. HP: 14/14 MP: 5/5
   599 | D:1      | Reached skill level 4 in Conjurations
   605 | D:1      | Reached XP level 2. HP: 20/20 MP: 0/7
   608 | D:1      | Learned a level 2 spell: Searing Ray
  1141 | D:2      | Noticed Sigmund
  1143 | D:2      | Reached XP level 3. HP: 26/26 MP: 3/8
  1170 | D:2      | Slain by Sigmund

Illustrated notes

Levels and vault maps discovered:
D:1:      minmay_arrival_hallway, layout_loops_ring, basic_ecumenical_altar
D:2:      layout_rooms, basic_altar, grunt_ministairs_2, minmay_misc_feat_doors,
          uniq_sigmund

Skill      XL: |  1  2 |
---------------+-------+-----
Conjurations   | 4 |  4.3
Spellcasting   | 2 |  2.1
Armour         | |  0.2
Dodging        | |  1.7
Stealth        | |  1.7

Action                   || total
-------------------------++-------
 Cast: Magic Dart        ||    24
       Searing Ray       ||     8
Dodge: Dodged            ||     2

Table legend: (Time is in decaauts)
 A = Elapsed time spent in this place.
 B = Non-inter-level travel time spent in this place.
 C = Inter-level travel time spent in this place.
 D = Time resting spent in this place.
 E = Time spent auto-exploring this place.
 F = Levels seen in this place.
 G = Mean time per level.
                   A        B        C        D        E       F      G
               +--------+--------+--------+--------+--------+-----+--------+
         Total |   1169 |   1154 |     15 |    141 |    799 |   2 |  584.5 |
       Dungeon |   1169 |   1154 |     15 |    141 |    799 |   2 |  584.5 |
               +--------+--------+--------+--------+--------+-----+--------+

Top non-repeatable levels by time:
     D:1: 898 daAuts
     D:2: 270 daAuts
